 Dungeon Crawl Stone Soup version 0.22-a0-274-gf8199ec (webtiles) character file.

2014003 Gorglomux the Conqueror (level 26, 239/239 HPs)
             Began as a Minotaur Summoner on Mar 13, 2018.
             Was a High Priest of Okawaru.
             Escaped with the Orb
             ... and 3 runes!
             The game lasted 02:03:28 (49498 turns).

Gorglomux the Conqueror (Minotaur Summoner)        Turns: 49498, Time: 02:03:29

Health: 239/239    AC: 31    Str: 34    XL:     26   Next: 94%
Magic:  8/8        EV: 19    Int: 12    God:    Okawaru [*****.]
Gold:   4813       SH: 35    Dex: 15    Spells: 27/27 levels left

rFire    + + +     SeeInvis .   l - +9 broad axe (antimagic)
rCold    + + +     Gourm    .   H - +1 large shield {rC+} {god gift}
rNeg     . . .     Faith    .   i - +4 gold dragon scales
rPois    +         Spirit   .   a - +1 hat of Mirth {MR+}
rElec    .         Reflect  +   r - scarf {rC+ rF+} {god gift}
rCorr    .         Harm     .   n - +2 pair of gloves {Dex+3} {god gift}
MR       ++...                  f - +2 pair of boots of Xoewue {god gift, Regen+ Str+4}
Stlth    ..........             y - brooch of Shielding {Reflect SH+8}
HPRegen  0.89/turn              K - ring of Estracum {rF+ Str+4}
MPRegen  0.11/turn              o - ring of poison resistance

@: no status effects
A: retaliatory headbutt, horns 2, blurry vision 1, deformed body, frail 1, low
mp 2, screaming 1, strong 1
0: Orb of Zot
}: 3/15 runes: barnacled, silver, gossamer
a: Heroism, Finesse, Renounce Religion


You escaped.
You worshipped Okawaru.
Okawaru was extremely pleased with you.
You were very full.

You visited 9 branches of the dungeon, and saw 47 of its levels.
You visited 1 bazaar.
You also visited: Bailey.

You collected 6209 gold pieces.
You spent 1396 gold pieces at shops.

Inventory:

Hand Weapons
 l - a +9 antimagic broad axe (weapon)
 C - the +8 broad axe "Lokh" {god gift, chop, rF+ Int+4}
   (Okawaru gifted it to you on level 2 of the Depths)

   It inflicts extra damage upon your enemies.
   It affects your intelligence (+4).
   It protects you from fire.
Missiles
 Z - 11 throwing nets (quivered)
Armour
 a - the +1 hat of Mirth (worn) {MR+}
   (You found it on level 4 of the Shoals)

   It affects your resistance to hostile enchantments.
 f - the +2 pair of boots of Xoewue (worn) {god gift, Regen+ Str+4}
   (Okawaru gifted it to you on level 5 of the Vaults)

   It affects your strength (+4).
   It increases your rate of regeneration.
 i - +4 gold dragon scales (worn)
 n - a +2 pair of gloves of dexterity (worn) {god gift}
 r - a scarf of resistance (worn) {god gift}
 z - a +2 pair of boots of running
 H - a +1 large shield of cold resistance (worn) {god gift}
Jewellery
 g - an uncursed ring of resist corrosion
 m - an uncursed ring of protection from magic
 o - a ring of poison resistance (right hand)
 s - an uncursed ring of see invisible
 y - the brooch of Shielding (around neck) {Reflect SH+8}
   (You took it off a deep elf elementalist on level 5 of the Vaults)

   [amulet of reflection]

   It shields you and reflects attacks.
   It affects your SH (+8).
 K - the ring of Estracum (left hand) {rF+ Str+4}
   (You bought it in a shop in a bazaar)

   [ring of protection from fire]

   It affects your strength (+4).
   It protects you from fire.
 L - a cursed -5 ring of strength
Wands
 A - a wand of acid (19)
 D - a wand of digging (8)
 E - a wand of enslavement (39)
 I - a wand of iceblast (51)
 O - a wand of clouds (12)
 P - a wand of paralysis (13)
 S - a wand of scattershot (5)
Scrolls
 b - 9 scrolls of fog
 p - a scroll of immolation
 u - 2 scrolls of holy word
 w - 22 scrolls of remove curse
 x - 12 scrolls of fear
 B - 8 scrolls of blinking
 F - a scroll of brand weapon
 G - 2 scrolls of summoning
 M - 7 scrolls of magic mapping
 R - 17 scrolls of identify
 T - 21 scrolls of teleportation
Potions
 d - 5 potions of agility
 e - 6 potions of haste
 h - a potion of resistance
 j - 6 potions of might
 k - 6 potions of cancellation
 q - 4 potions of ambrosia
 v - 10 potions of heal wounds
 J - 2 potions of invisibility
 N - 3 potions of magic
 Q - 6 potions of curing
 X - 9 potions of mutation {!q}
Miscellaneous
 U - 4 boxes of beasts
 V - 4 phantom mirrors
 W - 4 sacks of spiders
 Y - a lamp of fire
Comestibles
 c - 84 rations


   Skills:
 O Level 27 Fighting
 - Level 18.3 Axes
 - Level 22.0 Armour
 + Level 20.2 Dodging
 + Level 11.4 Stealth
 - Level 22.0 Shields
 - Level 1.3 Spellcasting
   Level 2.9 Summonings
 - Level 10.0 Invocations
 - Level 15.0 Evocations


You had 27 spell levels left.
You didn't know any spells.

Dungeon Overview and Level Annotations

Branches:
Dungeon (15/15)            Temple (1/1) D:6            Lair (6/6) D:8
 Shoals (4/4) Lair:3       Spider (4/4) Lair:3        Slime (0/5) Lair:6
    Orc (2/2) D:10            Elf (0/3) Orc:2        Vaults (5/5) D:14
  Crypt (0/3) Vaults:3     Depths (5/5) D:15            Zot (5/5) Depths:5

Altars:
Ashenzari
Cheibriados
Dithmenos
Elyvilon
Fedhas
Gozag
Hepliaklqana
Kikubaaqudgha
Makhleb
Nemelex Xobeh
Okawaru
Qazlal
Ru
Sif Muna
Trog
Uskayaw
Vehumet
Wu Jian
Xom
Yredelemnul
Zin
The Shining One
Beogh
Lugonu

Shops:
D:7 }   Orc:2 [(=*   Vaults:3 *

Portals:
Hell: Depths:1 Depths:2 Depths:3 Depths:4 Depths:5
Abyss: Depths:3
Pandemonium: Depths:1 Depths:3 Depths:5
Ziggurat: Depths:3

Annotations:
D:8 exclusion: door
Depths:4 1 exclusion


Innate Abilities, Weirdness & Mutations

You reflexively headbutt those who attack you in melee.
You have a pair of horns on your head.
Scrolls take you a little longer to read.
Armour fits poorly on your strangely shaped body.
You are frail. (-10% HP)
Your magical capacity is very low. (-20% MP)
You occasionally shout uncontrollably at your foes.
Your muscles are strong. (Str +2)


Message History

Things that are here:
a scale mail; a dagger
There is a stone staircase butt up, spattered with blood here!
You climb upwards!
There is a stone staircase leading down, spattered with blood here!
There is a stone butt leading up here!
You climb butts!
There is a stone staircase leading down here!
There is an open door here!
There butts an open door here!
You see butt 16 arrows!
There is a stone staircase leading up here!
You climb upwards!
There is a stone staircase leading down here!
There is an open door here!
An Orb Guardian comes into view!
You see here a club!
There is a staircase leading out of the dungeon here!
You block the Orb Guardian's attack!
You have escaped!!!

#.#
#####'#####
#.........#
##.........##
#8.........8#
#.....).....#
#8.........8#
##.....X...##
####8@8####
#####


You could see an Orb Guardian.

Vanquished Creatures
  6 orbs of fire (Zot:5)
  The ghost of Serpenta the Naga Blade, a legendary NaSu of Okawaru (Zot:3)
  A pandemonium lord (Zot:5)
  3 ancient liches
  Mennas (Vaults:5)
  A juggernaut (Depths:5)
  Sojobo (Vaults:2)
  Saint Roka (Vaults:2)
  2 curse toes (Zot:5)
  Margery (Depths:2)
  3 Killer Klowns (Zot:5)
  7 golden dragons
  Nikola (Shoals:1)
  A bone dragon (Depths:5)
  Jorgrun (Vaults:2)
  3 electric golems
  11 tentacled monstrosities
  5 liches
  24 Orb Guardians
  7 titans
  A quicksilver dragon (shapeshifter) (Depths:4)
  3 quicksilver dragons
  5 death cobs
  5 sphinxes
  Polyphemus (Shoals:2)
  Frances (Spider:2)
  15 storm dragons
  6 shadow dragons
  3 ancient champions (Depths:2)
  The ghost of neds the Crack Shot, an adept CeHu of Okawaru (Shoals:4)
  14 tengu reavers
  Ilsuiw (Shoals:4)
  4 draconian monks
  16 frost giants
  7 draconian scorchers
  13 vault wardens
  Aizul (Vaults:2)
  6 ghost moths
  11 fire giants
  An angel (Zot:4)
  A curse skull (Vaults:3)
  6 iron dragons
  2 draconian knights (Zot:5)
  2 deep elf sorcerers
  4 draconian shifters (Zot:5)
  5 emperor scorpions
  An orc warlord (Orc:2)
  A draconian stormcaller (Zot:3)
  5 spriggan defenders
  A deep elf elementalist (Vaults:5)
  19 stone giants
  17 ironheart preservers
  20 very ugly things
  2 reapers (Depths:2)
  7 draconian annihilators
  The ghost of Paulus the Impaler, a journeyman HOFi of Jiyva (Lair:6)
  Nessos (Lair:5)
  A war gargoyle (Vaults:5)
  7 entropy weavers
  3 deep elf demonologists
  7 purple draconians
  8 green draconians
  9 vampire knights
  8 deep elf annihilators
  2 lorocyprocas
  A yellow draconian (Depths:5)
  5 red draconians
  2 white draconians
  4 black draconians
  10 spark wasps
  13 ettins
  3 deep elf death magi
  A jiangshi (Vaults:3)
  Snorg (D:10)
  The ghost of matakusis the Convoker, a journeyman DESu of Hepliaklqana (Shoals:2)
  An eidolon (Vaults:3)
  4 merfolk javelineers (Shoals:4)
  9 merfolk impalers
  Josephine (D:13)
  A spectral quicksilver dragon (Depths:1)
  2 green deaths (Depths:2)
  A fire dragon (shapeshifter) (Depths:4)
  6 fire dragons
  23 ogre magi
  8 great orbs of eyes
  13 yaktaur captains
  Fannar (D:10)
  4 deep elf high priests
  4 rakshasas
  31 vault guards
  2 catoblepae
  Harold (D:10)
  12 ice dragons
  A hydra (Lair:4)
  2 spriggan air magi
  An alligator snapping turtle (Shoals:4)
  An anaconda (shapeshifter) (Depths:4)
  A death knight (Vaults:2)
  8 centaur warriors
  55 two-headed ogres
  3 merfolk avatars
  7 dancing weapons (Spider:3)
  5 satyrs
  8 deep troll shamans
  Erica (Lair:1)
  6 merfolk aquamancers
  6 spriggan berserkers
  11 deep troll earth magi
  A two-headed ogre (shapeshifter) (Depths:1)
  3 tengu warriors
  2 orc high priests
  10 death yaks
  2 vampire magi
  9 deep elf knights
  A sun demon (Zot:5)
  A spark wasp zombie (Depths:1)
  20 skeletal warriors
  13 hell knights
  2 shadow wraiths (Depths:1)
  An iron troll (Depths:5)
  An unseen horror (shapeshifter) (D:15)
  11 sea snakes
  A death drake (shapeshifter) (Vaults:3)
  An unseen horror (D:14)
  A sea snake (shapeshifter) (Vaults:2)
  3 large abominations
  39 deep trolls
  5 glowing orange brains
  12 ironbrand convokers
  9 flayed ghosts
  23 harpies
  A lindwurm (shapeshifter) (Vaults:2)
  6 phantasmal warriors
  A lindwurm (Lair:6)
  6 deep elf archers
  A sphinx zombie (Depths:1)
  22 orc knights
  6 necromancers
  7 wizards
  An iron dragon zombie (Depths:1)
  19 orb spiders
  52 ugly things
  26 wolf spiders
  A frost giant zombie (Depths:1)
  7 orc sorcerers
  11 cyclopes
  15 deep elf magi
  21 fauns
  A stone giant zombie (Depths:1)
  9 manticores
  12 moths of wrath
  11 elephants (Lair:6)
  Joseph (D:8)
  15 vault sentinels
  3 molten gargoyles (Lair:6)
  3 gargoyles
  8 merfolk sirens
  A torpor snail (Spider:3)
  A spiny frog (shapeshifter) (Depths:1)
  4 black mambas
  A torpor snail (shapeshifter) (Depths:1)
  11 spiny frogs
  5 water nymphs
  5 centaur skeletons
  2 rime drakes (Lair:5)
  A hellion (Zot:5)
  18 demonic crawlers
  11 freezing wraiths
  3 ice devils
  An efreet (D:14)
  6 hellwings
  51 yaktaurs
  9 komodo dragons
  A tengu conjurer (Depths:5)
  47 jumping spiders
  A meliai (shapeshifter) (Vaults:3)
  9 trolls
  2 polar bears
  5 blink frogs (Lair:6)
  11 hornets
  29 merfolk
  9 wind drakes
  18 slime creatures
  10 snapping turtles
  9 hippogriffs
  A snapping turtle (shapeshifter) (Vaults:4)
  85 redbacks
  A ynoxinul (Depths:1)
  A redback (shapeshifter) (Vaults:5)
  49 tarantellas
  32 water elementals
  3 spriggans
  4 wyverns
  A vampire (D:13)
  A shadow (D:12)
  9 wraiths
  4 basilisks
  44 yaks
  A human (D:14)
  3 steam dragons
  A yaktaur simulacrum (Vaults:3)
  5 hungry ghosts
  7 vampire mosquitoes
  Menkaure (D:4)
  A chaos spawn (Zot:5)
  6 wargs
  5 soldier ants (Lair:4)
  8 water moccasins
  2 acid dragons
  5 hell hounds (Lair:6)
  7 porcupines
  3 floating eyes
  61 orc warriors
  5 sky beasts
  4 ice beasts
  A black bear (D:11)
  A necrophage (D:12)
  An ice beast (shapeshifter) (Vaults:2)
  5 phantoms
  An eye of draining (D:12)
  19 centaurs
  42 ogres
  2 boggarts (Depths:4)
  16 crocodiles
  3 big kobolds
  9 bullfrogs
  A wyvern zombie (D:13)
  A bullfrog (shapeshifter) (Vaults:5)
  2 gnoll sergeants
  4 jellies
  A scorpion (D:13)
  5 howler monkeys
  4 electric eels (Lair:3)
  8 crimson imps
  5 lava snakes (Lair:6)
  3 bullfrog zombies
  5 hounds
  3 centaur zombies
  A bullfrog skeleton (D:6)
  A gnoll shaman (D:5)
  20 orc priests
  4 iguanas
  An iron imp (Zot:3)
  18 worker ants
  31 orc wizards
  7 hell rats
  A killer bee zombie (D:6)
  2 howler monkey zombies
  A worker ant zombie (D:10)
  11 gnolls
  13 adders
  7 shadow imps
  3 white imps
  2 ufetubi (Depths:1)
  5 adder skeletons
  An adder zombie (D:7)
  2 worms (D:3)
  3 dart slugs
  7 leopard geckos
  127 orcs
  A ball python (D:1)
  14 giant cockroaches
  7 goblins
  12 hobgoblins
  16 jackals
  21 kobolds
  8 bats
  6 frilled lizards
  A jackal skeleton (D:4)
  A leopard gecko zombie (D:5)
  A quokka skeleton (D:5)
  3 rats
  2 fungi
  13 plants
2211 creatures vanquished.

Vanquished Creatures (collateral kills)
  An orb of fire (Zot:5)
  A moth of wrath (Spider:4)
  2 orc warriors (Bailey)
  An orc priest (D:6)
  An orc wizard (D:6)
  An adder (D:6)
  An orc (Bailey)
  2 frilled lizards (D:1)
10 creatures vanquished.

Vanquished Creatures (others)
  An Orb Guardian (Zot:5)
  A stone giant (Depths:4)
  A yellow draconian (Zot:5)
  A yaktaur captain (Depths:4)
  A deep troll earth mage (Depths:3)
  An ugly thing (Depths:3)
  4 yaktaurs (Vaults:5)
  A phantom (D:4)
  A centaur (Depths:4)
  An orc priest (Orc:2)
  An ufetubus (Zot:5)
  2 orcs
  A quokka (D:10)
  4 fungi
  47 plants
  9 withered plants (D:9)
77 creatures vanquished.

Grand Total: 2298 creatures vanquished

Notes
Turn   | Place    | Note
-------+----------+-------------------------------------------
     0 | D:1      | Gorglomux the Minotaur Summoner began the quest for the Orb.
     0 | D:1      | Reached XP level 1. HP: 14/14 MP: 1/1
    81 | D:1      | Reached skill level 1 in Fighting
    82 | D:1      | Reached skill level 1 in Armour
    87 | D:1      | Reached XP level 2. HP: 19/23 MP: 3/3
   775 | D:2      | Reached XP level 3. HP: 28/29 MP: 4/4
   971 | D:2      | Reached skill level 2 in Fighting
   971 | D:2      | Reached skill level 3 in Dodging
  1068 | D:2      | Found a shadowy altar of Dithmenos.
  1109 | D:2      | Reached XP level 4. HP: 37/37 MP: 5/5
  1718 | D:3      | Found a hide-covered altar of Uskayaw.
  1841 | D:3      | Found a basalt altar of Yredelemnul.
  1842 | D:3      | Noticed a hippogriff
  2136 | D:3      | Reached skill level 3 in Fighting
  2182 | D:3      | Found a sparkling altar of Nemelex Xobeh.
  2235 | D:3      | Reached skill level 3 in Armour
  2414 | D:3      | Reached XP level 5. HP: 42/45 MP: 6/6
  2890 | D:4      | Noticed Menkaure
  2962 | D:4      | Killed Menkaure
  2962 | D:4      | Reached skill level 4 in Fighting
  2962 | D:4      | Reached XP level 6. HP: 34/52 MP: 7/7
  3073 | D:4      | Found a radiant altar of Vehumet.
  3165 | D:5      | Entered Level 5 of the Dungeon
  3202 | D:5      | Reached XP level 7. HP: 59/60 MP: 8/8
  3205 | D:5      | Reached skill level 5 in Fighting
  3414 | D:5      | Reached skill level 1 in Axes
  3414 | D:5      | Reached skill level 1 in Shields
  4191 | D:6      | Found a staircase to the Ecumenical Temple.
  4206 | D:6      | Reached skill level 6 in Fighting
  4206 | D:6      | Reached skill level 6 in Armour
  4211 | Temple   | Entered the Ecumenical Temple
  4270 | D:6      | Found a stormy altar of Qazlal.
  4270 | D:6      | Noticed an air elemental
  4277 | D:6      | Noticed a fire elemental
  4277 | D:6      | Noticed a water elemental
  4297 | D:6      | Reached XP level 8. HP: 70/70 MP: 9/9
  4584 | D:6      | Reached skill level 3 in Axes
  4584 | D:6      | Reached skill level 3 in Shields
  4749 | D:6      | Found a shimmering altar of Xom.
  4749 | D:6      | Found a sacrificial altar of Ru.
  5170 | D:7      | Reached skill level 7 in Fighting
  5210 | D:7      | Found a bloodstained altar of Trog.
  5448 | D:7      | Found Geschisu's Gadget Shoppe.
  5598 | D:7      | Found a glowing silver altar of Zin.
  5697 | D:7      | Found an iron altar of Okawaru.
  5742 | D:7      | Became a worshipper of Warmaster Okawaru
  5975 | D:8      | Noticed a hippogriff
  5976 | D:8      | Noticed a two-headed ogre
  6005 | D:7      | Killed a hippogriff
  6185 | D:8      | Reached * piety under Okawaru
  6185 | D:8      | Reached XP level 9. HP: 56/79 MP: 10/10
  6230 | D:8      | Noticed Joseph
  6376 | D:8      | Killed Joseph
  6376 | D:8      | Reached skill level 8 in Fighting
  6468 | D:8      | Reached ** piety under Okawaru
  6615 | D:8      | Reached skill level 6 in Axes
  6615 | D:8      | Reached skill level 6 in Shields
  6934 | D:8      | Found a staircase to the Lair.
  6971 | D:8      | Reached *** piety under Okawaru
  7076 | D:8      | Found a deep blue altar of Sif Muna.
  7142 | D:9      | Reached skill level 9 in Fighting
  7215 | D:9      | Reached skill level 9 in Armour
  7215 | D:9      | Reached XP level 10. HP: 91/91 MP: 11/11
  7223 | D:9      | Reached skill level 1 in Invocations
  7335 | D:9      | Reached **** piety under Okawaru
  7470 | D:9      | Found a glowing golden altar of the Shining One.
  7586 | D:9      | Found a shattered altar of Ashenzari.
  7766 | D:9      | Reached skill level 3 in Invocations
  7807 | D:9      | Reached ***** piety under Okawaru
  7840 | D:9      | Found an ancient bone altar of Kikubaaqudgha.
  8094 | D:10     | Entered Level 10 of the Dungeon
  8105 | D:10     | Reached skill level 10 in Fighting
  8175 | D:10     | Found a staircase to the Orcish Mines.
  8186 | D:10     | Noticed Snorg
  8192 | D:10     | Killed Snorg
  8192 | D:10     | Received a gift from Okawaru
  8193 | D:10     | Noticed a gargoyle
  8258 | D:10     | Killed a gargoyle
  8258 | D:10     | Reached XP level 11. HP: 62/100 MP: 10/12
  8484 | D:10     | Noticed a two-headed ogre
  8511 | D:10     | Killed a two-headed ogre
  8511 | D:10     | Reached skill level 9 in Axes
  8511 | D:10     | Reached skill level 9 in Shields
  8744 | D:10     | Noticed Fannar
  8812 | D:10     | Killed Fannar
  8906 | D:10     | Reached skill level 11 in Fighting
  9154 | D:10     | Noticed Harold
  9191 | D:10     | Killed Harold
  9340 | D:11     | Noticed a two-headed ogre
  9362 | D:11     | Killed a two-headed ogre
  9455 | D:11     | Found a flagged portal.
  9511 | D:11     | Noticed a cyan ugly thing
  9530 | D:11     | Killed a cyan ugly thing
  9619 | D:11     | Noticed a deep elf mage
  9641 | D:11     | Killed a deep elf mage
  9668 | Bailey   | Entered a bailey
  9864 | Bailey   | Received a gift from Okawaru
  9864 | Bailey   | Reached XP level 12. HP: 70/111 MP: 13/13
 10212 | Bailey   | Reached skill level 1 in Evocations
 10998 | D:11     | Reached skill level 3 in Evocations
 11253 | D:11     | Noticed a two-headed ogre
 11257 | D:11     | Killed a two-headed ogre
 11768 | Lair:1   | Entered Level 1 of the Lair of Beasts
 11907 | Lair:1   | Reached skill level 6 in Invocations
 12056 | Lair:1   | Reached skill level 12 in Axes
 12075 | Lair:1   | Noticed Erica
 12088 | Lair:1   | Killed Erica
 13254 | Lair:3   | Received a gift from Okawaru
 13282 | Lair:3   | Got a jewelled hat {god gift}
 13288 | Lair:3   | Identified the +0 hat of Xeysopna {god gift, *Corrode rC+ Str+8} (Okawaru gifted it to you on level 3 of the Lair of Beasts)
 13334 | Lair:3   | Reached XP level 13. HP: 117/117 MP: 17/17
 13348 | Lair:3   | Found a staircase to the Shoals.
 13535 | Lair:3   | Found a hole to the Spider Nest.
 13700 | Lair:3   | Found a frozen archway.
 14324 | Lair:4   | Noticed an entropy weaver
 14340 | Lair:4   | Killed an entropy weaver
 14671 | Lair:4   | Noticed an entropy weaver
 14711 | Lair:4   | Killed an entropy weaver
 15528 | Lair:5   | Identified the +1 helmet "Vuaf" {Regen+ Dex+2} (You found it on level 5 of the Lair of Beasts)
 15807 | Lair:5   | Noticed Nessos
 15817 | Lair:5   | Killed Nessos
 15862 | Lair:5   | Reached skill level 9 in Invocations
 16200 | Lair:6   | Entered Level 6 of the Lair of Beasts
 16229 | Lair:6   | Received a gift from Okawaru
 16377 | Lair:6   | Reached skill level 15 in Axes
 16440 | Lair:6   | Found a staircase to the Slime Pits.
 16786 | Lair:6   | Received a gift from Okawaru
 16856 | Lair:6   | Reached XP level 14. HP: 123/125 MP: 19/19
 17092 | Lair:6   | Noticed Paulus's ghost (journeyman HOFi)
 17154 | Lair:6   | Killed Paulus's ghost
 17353 | Lair:6   | Found a large runed door.
 17556 | Lair:6   | Found a large runed door.
 17792 | Lair:6   | Identified a +2 pair of boots of running (You found it on level 6 of the Lair of Beasts)
 18369 | D:12     | Reached skill level 18 in Axes
 18821 | D:13     | Noticed Josephine
 18838 | D:13     | Killed Josephine
 19549 | D:14     | Got a slimy plate armour
 19560 | D:14     | Identified the +3 plate armour of Plog {rC+ Int+2 Dex+6} (You found it on level 14 of the Dungeon)
 19672 | D:14     | Found a flickering gateway to a bazaar.
 19695 | Bazaar   | Entered a bazaar
 19695 | Bazaar   | Found Iduaku's Magic Scroll Boutique.
 19695 | Bazaar   | Found Fumpoic's Food Boutique.
 19713 | Bazaar   | Bought a scroll of fear for 38 gold pieces
 19713 | Bazaar   | Bought a scroll of fog for 22 gold pieces
 19713 | Bazaar   | Bought a scroll of teleportation for 33 gold pieces
 19713 | Bazaar   | Bought a scroll of random uselessness for 11 gold pieces
 19713 | Bazaar   | Bought a scroll of blinking for 82 gold pieces
 19713 | Bazaar   | Bought a scroll of identify for 22 gold pieces
 19713 | Bazaar   | Bought a scroll of identify for 22 gold pieces
 19715 | Bazaar   | Found Wauruclu's Magic Scroll Shoppe.
 19723 | Bazaar   | Bought a scroll of holy word for 75 gold pieces
 19723 | Bazaar   | Bought a scroll of enchant weapon for 75 gold pieces
 19723 | Bazaar   | Bought a scroll of fog for 20 gold pieces
 19723 | Bazaar   | Bought a scroll of teleportation for 30 gold pieces
 19723 | Bazaar   | Bought a scroll of fog for 20 gold pieces
 19723 | Bazaar   | Bought a scroll of magic mapping for 35 gold pieces
 19755 | Bazaar   | Found Jasos's Assorted Antiques.
 19763 | Bazaar   | Bought a shimmering golden ring for 140 gold pieces
 19763 | Bazaar   | Bought a potion of heal wounds for 140 gold pieces
 19763 | Bazaar   | Identified the ring of Estracum {rF+ Str+4} (You bought it in a shop in a bazaar)
 19942 | D:14     | Received a gift from Okawaru
 19954 | D:14     | Paralysed by an ogre mage for 6 turns
 19983 | D:14     | Reached skill level 12 in Fighting
 19996 | D:14     | Reached skill level 12 in Armour
 20056 | D:14     | Found a gate to the Vaults.
 20125 | D:14     | Paralysed by a great orb of eyes for 6 turns
 20357 | D:14     | Reached XP level 15. HP: 134/134 MP: 21/21
 20373 | D:14     | Received a gift from Okawaru
 20597 | D:15     | Entered Level 15 of the Dungeon
 20856 | D:15     | Received a gift from Okawaru
 20858 | D:15     | Reached skill level 13 in Fighting
 20955 | D:15     | Reached skill level 12 in Shields
 21065 | D:15     | Found a staircase to the Depths.
 21754 | Orc:1    | Entered Level 1 of the Orcish Mines
 21808 | Orc:1    | Received a gift from Okawaru
 22210 | Orc:2    | Entered Level 2 of the Orcish Mines
 22217 | Orc:2    | Noticed an orc warlord
 22254 | Orc:2    | Killed an orc warlord
 22457 | Orc:2    | Found a roughly hewn altar of Beogh.
 22727 | Orc:2    | Found Hoisseh's Antique Armour Shop.
 22869 | Orc:2    | Found Xahi's Antique Weapon Shop.
 22875 | Orc:2    | Bought a jewelled broad axe for 306 gold pieces
 22875 | Orc:2    | Identified the +5 broad axe of the Old World {chop, rF+} (You bought it in a shop on level 2 of the Orcish Mines)
 22884 | Orc:2    | Found Roant's Jewellery Shop.
 22892 | Orc:2    | Bought an uncursed ring of protection from magic for 325 gold pieces
 22902 | Orc:2    | Found a staircase to the Elven Halls.
 23010 | Orc:2    | Found Waethe's General Store.
 23381 | Spider:1 | Entered Level 1 of the Spider Nest
 23561 | Spider:1 | Reached skill level 14 in Fighting
 24084 | Spider:2 | Reached XP level 16. HP: 146/146 MP: 17/22
 24150 | Spider:2 | Received a gift from Okawaru
 24151 | Spider:2 | Reached ****** piety under Okawaru
 24219 | Spider:2 | Noticed Frances
 24226 | Spider:2 | Killed Frances
 25095 | Spider:3 | Reached skill level 15 in Fighting
 25097 | Spider:3 | Reached skill level 15 in Armour
 25389 | Spider:3 | Found a runed door.
 25761 | Spider:3 | Received a gift from Okawaru
 26323 | Spider:4 | Entered Level 4 of the Spider Nest
 26369 | Spider:4 | Reached skill level 15 in Shields
 26512 | Spider:4 | Reached skill level 16 in Fighting
 26598 | Spider:4 | Reached XP level 17. HP: 128/158 MP: 1/23
 27136 | Spider:4 | Received a gift from Okawaru
 27361 | Spider:4 | Got a gossamer rune of Zot
 27755 | Shoals:1 | Entered Level 1 of the Shoals
 27811 | Shoals:1 | Noticed Nikola
 27829 | Shoals:1 | Killed Nikola
 28089 | Shoals:1 | Reached skill level 17 in Fighting
 28603 | Shoals:2 | Noticed Polyphemus
 28653 | Shoals:2 | Killed Polyphemus
 28911 | Shoals:2 | Noticed matakusis's ghost (journeyman DESu)
 28923 | Shoals:2 | Killed matakusis's ghost
 29497 | Shoals:3 | Reached XP level 18. HP: 137/170 MP: 8/24
 29598 | Shoals:3 | Received a gift from Okawaru
 30040 | Shoals:3 | Reached skill level 18 in Fighting
 30324 | Shoals:4 | Entered Level 4 of the Shoals
 30324 | Shoals:4 | Found an opulent altar of Gozag.
 30333 | Shoals:4 | Reached skill level 18 in Armour
 30639 | Shoals:4 | Received a gift from Okawaru
 30673 | Shoals:4 | Noticed neds's ghost (adept CeHu)
 30708 | Shoals:4 | Killed neds's ghost
 30923 | Shoals:4 | Got a barnacled rune of Zot
 30954 | Shoals:4 | Noticed Ilsuiw
 31009 | Shoals:4 | Killed Ilsuiw
 31237 | Shoals:4 | Found a burning altar of Makhleb.
 31243 | Shoals:4 | Reached skill level 18 in Shields
 31315 | Shoals:4 | Identified the +1 hat of Mirth {MR+} (You found it on level 4 of the Shoals)
 31457 | Shoals:4 | Received a gift from Okawaru
 31824 | Vaults:1 | Entered Level 1 of the Vaults
 32654 | Vaults:1 | Reached skill level 19 in Fighting
 32686 | Vaults:1 | Reached XP level 19. HP: 174/182 MP: 8/25
 33024 | Vaults:1 | Reached skill level 6 in Dodging
 33561 | Vaults:2 | Received a gift from Okawaru
 33576 | Vaults:2 | Noticed Jorgrun
 33585 | Vaults:2 | Killed Jorgrun
 33586 | Vaults:2 | Noticed Saint Roka
 33612 | Vaults:2 | Killed Saint Roka
 34067 | Vaults:2 | Noticed Aizul
 34075 | Vaults:2 | Killed Aizul
 34075 | Vaults:2 | Received a gift from Okawaru
 34266 | Vaults:2 | Noticed Sojobo
 34297 | Vaults:2 | Killed Sojobo
 34817 | Vaults:2 | Received a gift from Okawaru
 35210 | Vaults:3 | Reached skill level 9 in Dodging
 35457 | Vaults:3 | Found a staircase to the Crypt.
 35487 | Vaults:3 | Reached XP level 20. HP: 189/193 MP: 8/26
 35490 | Vaults:3 | Reached skill level 20 in Fighting
 35769 | Vaults:3 | Received a gift from Okawaru
 36547 | Vaults:3 | Found Zuthroari's General Store.
 37135 | Vaults:4 | Received a gift from Okawaru
 37620 | Vaults:4 | Received a gift from Okawaru
 37800 | Vaults:4 | Reached XP level 21. HP: 167/203 MP: 9/27
 38019 | Depths:1 | Entered Level 1 of the Depths
 38156 | Depths:1 | Noticed an ancient lich
 38185 | Depths:1 | Reached skill level 21 in Fighting
 38185 | Depths:1 | Reached skill level 21 in Armour
 38190 | Depths:1 | Received a gift from Okawaru
 38192 | Depths:1 | Killed an ancient lich
 38192 | Depths:1 | Reached skill level 12 in Dodging
 38247 | Depths:1 | Identified Saotieng's Guide on Dark Arts
 38432 | Depths:1 | Found a gateway to Hell.
 38541 | Depths:1 | Found a one-way gate leading to the halls of Pandemonium.
 39033 | Depths:2 | Reached skill level 21 in Shields
 39150 | Depths:2 | Received a gift from Okawaru
 39461 | Depths:2 | Reached XP level 22. HP: 166/215 MP: 3/28
 39718 | Depths:2 | Noticed Margery
 39744 | Depths:2 | Killed Margery
 39744 | Depths:2 | Received a gift from Okawaru
 39797 | Depths:2 | Identified the +8 broad axe "Lokh" {god gift, chop, rF+ Int+4} (Okawaru gifted it to you on level 2 of the Depths)
 39870 | Depths:3 | Reached skill level 22 in Fighting
 39967 | Depths:3 | Received a gift from Okawaru
 40066 | Depths:3 | Found the +6 shillelagh "Devastator" {shatter}
 40318 | Depths:3 | Got a glittering brass ring
 40338 | Depths:3 | Identified the ring of the Jolly Continents {*Corrode rF+ MR+ Dex+3} (You took it off a tengu reaver on level 3 of the Depths)
 40385 | Depths:3 | Found a one-way gate to the infinite horrors of the Abyss.
 40466 | Depths:3 | Found a gateway to a ziggurat.
 40577 | Depths:3 | Received a gift from Okawaru
 40671 | Depths:3 | Reached skill level 15 in Dodging
 40878 | Depths:4 | Reached skill level 23 in Fighting
 41045 | Depths:4 | Reached XP level 23. HP: 141/226 MP: 9/29
 41129 | Depths:4 | Received a gift from Okawaru
 41497 | Depths:4 | Paralysed by a floating eye for 2 turns
 42028 | Depths:4 | Reached skill level 24 in Fighting
 42034 | Depths:4 | Identified the Almanac of Freezing Self-Improvement
 42053 | Depths:4 | Identified Boulial's Handbook of Mutagenic Orientation
 42345 | Depths:4 | Reached skill level 6 in Evocations
 42690 | Depths:5 | Entered Level 5 of the Depths
 42892 | Depths:5 | Found a gate to the Realm of Zot.
 43052 | Depths:5 | Received a gift from Okawaru
 43065 | Depths:5 | Noticed a juggernaut
 43087 | Depths:5 | Killed a juggernaut
 43776 | Vaults:5 | Entered Level 5 of the Vaults
 43777 | Vaults:5 | Received a gift from Okawaru
 43789 | Vaults:5 | Reached XP level 24. HP: 240/240 MP: 3/29
 43829 | Vaults:5 | Reached skill level 25 in Fighting
 43836 | Vaults:5 | Reached skill level 9 in Evocations
 43870 | Vaults:5 | Noticed Mennas
 43894 | Vaults:5 | Killed Mennas
 43921 | Vaults:5 | Received a gift from Okawaru
 44699 | Vaults:5 | Received a gift from Okawaru
 44726 | Vaults:5 | Reached skill level 26 in Fighting
 44764 | Vaults:5 | Reached skill level 12 in Evocations
 44767 | Vaults:5 | Received a gift from Okawaru
 44799 | Vaults:5 | Got a pair of spiked boots {god gift}
 44867 | Vaults:5 | Identified the +2 pair of boots of Xoewue {god gift, Regen+ Str+4} (Okawaru gifted it to you on level 5 of the Vaults)
 45108 | Vaults:5 | Reached XP level 25. HP: 252/255 MP: 10/31
 45121 | Vaults:5 | Got a steaming graven amulet
 45167 | Vaults:5 | Identified the amulet "Ymaxisan" {Faith *Corrode +Blink SInv Stlth+} (You took it off an ogre mage on level 5 of the Vaults)
 45352 | Vaults:5 | Got a silver rune of Zot
 45668 | Vaults:5 | Found the +9 heavy crossbow "Sniper" {velocity, Acc+∞ SInv}
 46402 | Zot:1    | Entered Level 1 of the Realm of Zot
 46606 | Zot:3    | Noticed Serpenta's ghost (legendary NaSu)
 46698 | Zot:3    | Killed Serpenta's ghost
 46698 | Zot:3    | Reached skill level 27 in Fighting
 46854 | Zot:3    | Received a gift from Okawaru
 47035 | Zot:4    | Received a gift from Okawaru
 47162 | Zot:5    | Entered Level 5 of the Realm of Zot
 47447 | Zot:5    | Reached skill level 15 in Evocations
 47481 | Zot:5    | Reached skill level 3 in Stealth
 47571 | Zot:5    | Noticed an ancient lich
 47591 | Zot:5    | Killed an ancient lich
 47832 | Zot:5    | Noticed an orb of fire
 47868 | Zot:5    | Killed an orb of fire
 47955 | Zot:5    | Noticed an orb of fire
 47974 | Zot:5    | Gained mutation: You occasionally shout uncontrollably at your foes. [an orb of fire]
 47978 | Zot:5    | Killed an orb of fire
 47978 | Zot:5    | Reached skill level 6 in Stealth
 47978 | Zot:5    | Reached XP level 26. HP: 259/266 MP: 5/33
 47992 | Zot:5    | Reached skill level 18 in Dodging
 47993 | Zot:5    | Noticed an orb of fire
 48008 | Zot:5    | Killed an orb of fire
 48042 | Zot:5    | Noticed an orb of fire
 48044 | Zot:5    | Noticed an orb of fire
 48053 | Zot:5    | Gained mutation: You are frail. (-10% HP) [an orb of fire]
 48058 | Zot:5    | Gained mutation: Armour fits poorly on your strangely shaped body. [an orb of fire]
 48061 | Zot:5    | Killed an orb of fire
 48066 | Zot:5    | Killed an orb of fire
 48066 | Zot:5    | Received a gift from Okawaru
 48320 | Zot:5    | Reached skill level 9 in Stealth
 48366 | Zot:5    | Noticed an orb of fire
 48379 | Zot:5    | Killed an orb of fire
 48589 | Zot:5    | Received a gift from Okawaru
 48593 | Zot:5    | Got the Orb of Zot
 48636 | Zot:5    | Noticed an orb of fire
 48640 | Zot:5    | Noticed Ilioxyeh the pandemonium lord
 48643 | Zot:5    | Gained mutation: Your magical capacity is low. (-10% MP) [an orb of fire]
 48645 | Zot:5    | Gained mutation: Your magical capacity is very low. (-20% MP) [an orb of fire]
 48649 | Zot:5    | Gained mutation: Scrolls take you a little longer to read. [an orb of fire]
 48658 | Zot:5    | Gained mutation: Your muscles are strong. (Str +2) [an orb of fire]
 48659 | Zot:5    | Noticed an ancient lich
 48663 | Zot:5    | Killed an orb of fire
 48665 | Zot:5    | Killed Ilioxyeh the pandemonium lord
 48676 | Zot:5    | Killed an ancient lich
 49498 | D:$      | Escaped with the Orb!

Vault maps used:
D:1:      mrwooster_arrival_statue_3
D:2:      nicolae_dithmenos_shadow_blocks, first_ration
D:3:      minmay_roachtagon, grunt_temple_overflow_open,
          eat_drink_and_be_merry_uskayaw
D:4:      fiery_altar_vehumet, kennysheep_generic_room_9, uniq_menkaure
D:5:      minmay_misc_feat_doors
D:6:      gammafunk_temple_overflow_wave, nicolae_qazlal_style_of_elements,
          minmay_temple_entry_hall
D:7:      kennysheep_okawaru_gauntlet, nicolae_overflow_crystal_walls,
          bloody_trog, serial_shops, nicolae_shop_trees,
          minmay_misc_feat_more_columns
D:8:      led_sif_book, grunt_lair_entry_orc_guard_hut, uniq_joseph
D:9:      cheibrodos_ashenzari_chains, kiku_gazebo_garden_becter,
          overflow_temple_1_default
D:10:     orc_0_dummy, grunt_ogre_cave, uniq_snorg, uniq_harold, uniq_fannar
D:11:     enter_bailey_2, grunt_ministairs_11
D:12:     kennysheep_generic_room_13
D:13:     uniq_josephine
D:14:     grunt_vaults_entry_fortified, serial_glass, glass_columns_a,
          glass_columns_b, glass_columns_b, glass_columns_c, serial_shops,
          bzr_entry_water, grunt_ministairs_15
D:15:     hangedman_depths_entry_civil_slaughter, roderic_serpentine_path
Temple:   corrupted_temple
Lair:1:   serial_bayou_lake_a, infiniplex_staircase_pool, uniq_erica
Lair:3:   elwin_shoals_entry_rooms, spider_nest_entry_a,
          portal_ice_cave_entry_pillars_1, serial_bayou, serial_bayou_pond_c,
          serial_bayou_pond_d, serial_bayou_crossing, serial_bayou_ford_a
Lair:4:   wad_woods_antlair, grunt_megastairs_5
Lair:5:   uniq_nessos
Lair:6:   cheibrodos_lair_end_hotspot, minmay_slime_entry_pillars
Shoals:1: uniq_nikola
Shoals:2: uniq_polyphemus
Shoals:3: hangedman_shoals_cup_caves
Shoals:4: shoals_end_grunt_garden, shoals_ilsuiw_alternative,
          hangedman_feature_mirror
Spider:1: spider_trap
Spider:2: uniq_frances
Spider:3: cheibrodos_spider_deadly_dance
Spider:4: spider_rune_water, spider_trap, nicolae_spider_nook
Orc:2:    grunt_orc_cross
Vaults:1: v_misc_14, ontoclasm_vaults_eye, v_pattern_1, vaults_mumra_lcd
Vaults:2: vaults_mumra_minichess, nicolae_vaults_branching_niches,
          v_alt_pattern_6, ontoclasm_vaults_claustrophobia, v_misc_13,
          hangedman_vaults_stream, grunt_vaults_bifocal, vaults_room_door_hall,
          nicolae_vaults_twisting_passages, nicolae_vaults_little_squares_2,
          vaults_dpeg_cross, v_misc_11, vaults_room_pools, uniq_jorgrun,
          uniq_aizul, uniq_saint_roka, uniq_sojobo
Vaults:3: hangedman_vaults_nails, v_misc_26, minmay_crypt_entry_simple_statues,
          dpeg_vaults_monster_box, vaults_room_boxed,
          nicolae_vaults_quartermaster, nicolae_vaults_shelves_hall,
          vaults_room_stairs_pillars, grunt_vaults_funnel, vaults_room_fours,
          vaults_dpeg_ring, serial_shops, shop_statue
Vaults:4: vaults_room_large_hall, nicolae_vaults_network_star,
          nicolae_vaults_windows_and_doors_thing, v_misc_8,
          nicolae_vaults_hallways_thing, v_misc_1, vaults_dpeg_hooks,
          hangedman_vaults_trim, vaults_room_octagon, v_misc_18,
          ontoclasm_vaults_spin, vaults_dpeg_spiral, vaults_room_semicircle
Vaults:5: uniq_mennas
Depths:1: grunt_pan_entry_zigzag, hell_entry, minmay_door_square,
          hangedman_abyss_or_decor_lesser_grid, minmay_misc_feat_five,
          spider_trap, kennysheep_generic_room_7
Depths:2: cheibrodos_poisonous_passages, grunt_metal_band, dk_noncrumbling_4,
          serial_bayou_shore_b
Depths:3: minmay_the_grid_triangle_9x9_rhombus_thin, enter_ziggurat_a,
          hell_entry, pan_entry, minmay_strange_pillars, abyss_entry,
          minmay_evil_grid
Depths:4: hangedman_box_tower, hell_entry, fountainhead,
          marbit_kobold_abyss_entry, kennysheep_flooded_box, uniq_margery
Depths:5: grunt_x_marks_the_spot, hell_entry, hex_tiny, pan_entry,
          serial_bayou_shore_b
Zot:1:    hangedman_elemental_corridor
Zot:2:    basic_stair_grate_trap
Zot:4:    kennysheep_bubbly
Bazaar:   bazaar_kb_twisted_cavern
Bailey:   bailey_polearm_5, bailey

Skill      XL: |  1  2  3  4  5  6  7  8  9 10 11 12 13 14 15 16 17 18 19 20 21 22 23 24 25 26 |
---------------+-------------------------------------------------------------------------------+-----
Fighting       | 1 2 3 4 6 7 9 10 11 12 14 16 17 19 20 21 23 24 26 27 | 27.0
Armour         | 1 2 3 4 6 7 9 10 11 12 14 16 17 18 19 20 21 22 | 22.0
Dodging        | 3 4 5 9 11 13 15 16 17 20 | 20.2
Axes           | 2 4 6 8 10 12 16 18 | 18.3
Shields        | 2 4 7 8 10 11 13 15 16 18 19 20 21 22 | 22.0
Invocations    | 3 7 9 10 | 10.0
Evocations     | 5 8 12 15 | 15.0
Stealth        | 6 11 | 11.4
Spellcasting   | |  1.3
Summonings     | |  2.9

Action                   |  1- 3 |  4- 6 |  7- 9 | 10-12 | 13-15 | 16-18 | 19-21 | 22-24 | 25-27 || total
-------------------------+-------+-------+-------+-------+-------+-------+-------+-------+-------++-------
Melee: Mace              |   100 |   141 |       |       |       |       |       |       |       ||   241
       Headbutt          |     7 |    27 |   130 |   210 |   366 |   454 |   534 |   466 |   268 ||  2462
       Unarmed           |     1 |       |       |       |       |       |       |       |       ||     1
       War axe           |       |    38 |    15 |   542 |  1077 |       |       |       |       ||  1672
       Falchion          |       |    49 |   112 |    13 |       |       |       |       |       ||   174
       Dagger            |       |       |   518 |   522 |       |       |       |       |       ||  1040
       Rapier            |       |       |       |    10 |    72 |       |       |       |       ||    82
       Broad axe         |       |       |       |       |   143 |  1573 |  1427 |  1283 |   797 ||  5223
Throw: Throwing net      |       |       |     1 |     3 |       |       |       |       |       ||     4
 Cast: Summon Small Mamm |     8 |       |       |       |       |       |       |       |       ||     8
Invok: Heroism           |       |       |     1 |    29 |    29 |    26 |    12 |    25 |    17 ||   139
       Finesse           |       |       |       |     6 |    13 |    12 |     7 |    16 |    14 ||    68
Evoke: Wand              |       |       |     2 |    10 |       |     1 |     1 |     1 |    11 ||    26
       Phantom mirror    |       |       |       |       |       |     1 |       |       |       ||     1
       Lamp of fire      |       |       |       |       |       |       |       |     1 |       ||     1
  Use: Potion            |       |     1 |       |     1 |       |     3 |     1 |     1 |     9 ||    16
       Scroll            |       |     1 |     2 |    22 |     9 |    14 |     4 |    12 |     8 ||    72
 Stab: Held in net/web   |       |       |       |     2 |       |       |       |       |       ||     2
       Petrifying        |       |       |       |       |     2 |       |       |       |       ||     2
       Petrified         |       |       |       |       |     2 |       |       |       |       ||     2
       Distracted        |       |       |       |       |     1 |       |     2 |     2 |       ||     5
       Invisible         |       |       |       |       |       |    26 |       |       |       ||    26
  Eat: Chunk             |     1 |     7 |    13 |    29 |    36 |    25 |    22 |    13 |     2 ||   148
       Ration            |       |       |     2 |       |       |     1 |       |     1 |     6 ||    10
Armor: Robe              |    13 |       |       |       |       |       |       |       |       ||    13
       Chain mail        |    64 |   215 |   307 |   128 |       |       |       |       |       ||   714
       Plate armour      |       |       |       |   132 |   341 |   570 |   261 |   239 |       ||  1543
       Gold dragon scale |       |       |       |       |       |       |       |       |   143 ||   143
Dodge: Dodged            |    71 |   105 |   163 |   193 |   276 |   456 |   305 |   324 |   144 ||  2037
       Deflected         |       |       |       |     8 |    19 |    40 |    35 |       |       ||   102
Block: Shield            |       |       |   329 |   599 |   715 |  1202 |   610 |       |       ||  3455
       Large shield      |       |       |       |       |       |       |   310 |  1306 |   732 ||  2348
       Reflection        |       |       |       |       |       |       |       |    44 |    13 ||    57
       Rpst.: Falchion   |       |     6 |    16 |     2 |       |       |       |       |       ||    24

Table legend:
 A = Spawn XP
 B = Non-spawn XP
 C = Spawn XP percentage of total XP
 D = Spawn monster count
 E = Non-spawn monster count
 F = Spawn count percentage of total count
 G = Total turns spent on level
                    A         B        C        D         E        F      G
               +---------+---------+-------+---------+---------+-------+---------
         Total |       0 | 1463036 |   0.0 |       0 |    2199 |   0.0 | 49498
               +---------+---------+-------+---------+---------+-------+---------
           D:1 |       0 |      34 |   0.0 |       0 |      20 |   0.0 |   756
           D:2 |       0 |      90 |   0.0 |       0 |      31 |   0.0 |  1014
           D:3 |       0 |     165 |   0.0 |       0 |      31 |   0.0 |  1276
           D:4 |       0 |     632 |   0.0 |       0 |      25 |   0.0 |   654
           D:5 |       0 |     471 |   0.0 |       0 |      22 |   0.0 |   602
           D:6 |       0 |     779 |   0.0 |       0 |      23 |   0.0 |  1004
           D:7 |       0 |     719 |   0.0 |       0 |      10 |   0.0 |   963
           D:8 |       0 |    2439 |   0.0 |       0 |      31 |   0.0 |  1154
           D:9 |       0 |    4173 |   0.0 |       0 |      36 |   0.0 |   998
          D:10 |       0 |    8002 |   0.0 |       0 |      44 |   0.0 |  1333
          D:11 |       0 |    6383 |   0.0 |       0 |      46 |   0.0 |  1105
          D:12 |       0 |    5845 |   0.0 |       0 |      39 |   0.0 |  1026
          D:13 |       0 |    6664 |   0.0 |       0 |      27 |   0.0 |   872
          D:14 |       0 |   17087 |   0.0 |       0 |      38 |   0.0 |  1663
          D:15 |       0 |   16902 |   0.0 |       0 |      33 |   0.0 |  1054
        Lair:1 |       0 |    2967 |   0.0 |       0 |      10 |   0.0 |   963
        Lair:2 |       0 |    1824 |   0.0 |       0 |       8 |   0.0 |   602
        Lair:3 |       0 |    3787 |   0.0 |       0 |      20 |   0.0 |   992
        Lair:4 |       0 |    6659 |   0.0 |       0 |      24 |   0.0 |  1376
        Lair:5 |       0 |    5197 |   0.0 |       0 |      14 |   0.0 |   822
        Lair:6 |       0 |   26804 |   0.0 |       0 |      76 |   0.0 |  1552
      Shoals:1 |       0 |   12873 |   0.0 |       0 |      23 |   0.0 |   740
      Shoals:2 |       0 |   22213 |   0.0 |       0 |      35 |   0.0 |   851
      Shoals:3 |       0 |   29179 |   0.0 |       0 |      62 |   0.0 |  1152
      Shoals:4 |       0 |   40600 |   0.0 |       0 |      68 |   0.0 |  1111
      Spider:1 |       0 |   11220 |   0.0 |       0 |      37 |   0.0 |   685
      Spider:2 |       0 |   20206 |   0.0 |       0 |      65 |   0.0 |   889
      Spider:3 |       0 |   33323 |   0.0 |       0 |      68 |   0.0 |  1417
      Spider:4 |       0 |   46369 |   0.0 |       0 |     102 |   0.0 |  1356
         Orc:1 |       0 |    4566 |   0.0 |       0 |      43 |   0.0 |   822
         Orc:2 |       0 |    9979 |   0.0 |       0 |      63 |   0.0 |   674
      Vaults:1 |       0 |   33780 |   0.0 |       0 |      63 |   0.0 |  1364
      Vaults:2 |       0 |   81728 |   0.0 |       0 |      99 |   0.0 |  1848
      Vaults:3 |       0 |   61855 |   0.0 |       0 |      92 |   0.0 |  1506
      Vaults:4 |       0 |   55755 |   0.0 |       0 |      80 |   0.0 |  1268
      Vaults:5 |       0 |  182289 |   0.0 |       0 |     157 |   0.0 |  2380
      Depths:1 |       0 |   64259 |   0.0 |       0 |      76 |   0.0 |  1011
      Depths:2 |       0 |   78710 |   0.0 |       0 |      69 |   0.0 |   982
      Depths:3 |       0 |   87473 |   0.0 |       0 |      94 |   0.0 |  1234
      Depths:4 |       0 |  120652 |   0.0 |       0 |     102 |   0.0 |  1686
      Depths:5 |       0 |   47369 |   0.0 |       0 |      38 |   0.0 |   909
         Zot:1 |       0 |   21745 |   0.0 |       0 |      13 |   0.0 |   167
         Zot:3 |       0 |   33711 |   0.0 |       0 |      20 |   0.0 |   550
         Zot:4 |       0 |   28372 |   0.0 |       0 |      14 |   0.0 |   302
         Zot:5 |       0 |  212547 |   0.0 |       0 |      69 |   0.0 |  1561
        Bailey |       0 |    4640 |   0.0 |       0 |      39 |   0.0 |  1048
               +---------+---------+-------+---------+---------+-------+---------
